 Dungeon Sprint DCSS version 0.24.0-123-gd5b16e6ec5 (webtiles) character file.

Game seed: 13633227642615509280, levelgen mode: deterministic

267 McKennaii the Destroyer (level 6, -1/45 HPs)
             Began as a Draconian Conjurer on Jan 26, 2020.
             Slain by a crimson imp (3 damage)
             ... summoned by a neqoxec
             ... in the Dungeon (Sprint II: "The Violet Keep of Menkaure").
             The game lasted 00:00:22 (32 turns).

McKennaii the Destroyer (Draconian Conjurer)          Turns: 32, Time: 00:00:22

Health: -1/45      AC:  6    Str: 10    XL:     6   Next: 0%
Magic:  0/12       EV: 13    Int: 18    God:
Gold:   0          SH:  0    Dex: 13    Spells: 15/16 levels left

rFire    . . .     SeeInvis .   (no weapon)
rCold    . . .     Gourm    .   (no shield)
rNeg     . . .     Faith    .   (armour unavailable)
rPois    .         Spirit   .   (helmet restricted)
rElec    .         Reflect  .   (no cloak)
rCorr    .         Harm     .   (no gloves)
MR       .....     NoTele   +   (no boots)
Stlth    ++........             (no amulet)
HPRegen  0.15/turn              (no ring)
MPRegen  0.13/turn              (no ring)

@: berserk cooldown, slowed, very slow
A: unfitting armour, agile 1, blurry vision 2, low mp 1, cold-blooded, AC +6
a: no special abilities


You were in the Dungeon.
You were not hungry.

You visited 1 branch

Inventory:

Scrolls
 h - a scroll of blinking
Potions
 e - a potion of haste
 f - 2 potions of magic
Comestibles
 b - a ration


   Skills:
 + Level 3.3 Dodging
 + Level 3.4 Stealth
 * Level 5.5 Spellcasting
 + Level 10.8 Conjurations


You had 15 spell levels left.
You knew the following spells:

 Your Spells              Type           Power        Failure   Level  Hunger
a - Magic Dart            Conj           ####         1%          1    None

Your spell library contained the following spells:

 Spells                   Type           Power        Failure   Level  Hunger
 Searing Ray              Conj           #####.       1%          2    #......
 Iskenderun's Mystic Bla  Conj           #####...     1%          4    ####...
 Dazzling Spray           Conj/Hex       ###...       4%          3    ##.....
 Force Lance              Conj/Tloc      ###.....     14%         4    ####...
 Fulminant Prism          Conj/Hex       ###.......   14%         4    ####...


Dungeon Overview and Level Annotations

Branches:
Dungeon (1/1)

Altars:


Innate Abilities, Weirdness & Mutations

Your plain brown scales are hard. (AC +6)
You cannot fit into any form of body armour.
You are cold-blooded and may be slowed by cold attacks.
You are agile. (Dex +2)
Scrolls take you longer to read.
Your magical capacity is low. (-10% MP)


Message History

The neqoxec gestures.
The crimson imp blinks!
Casting: Magic Dart (safe; 1% risk of failure)
Confirm with . or Enter, or press ? or * to list all spells.
Aiming: Magic Dart (safe; 1% risk of failure)
Press: ? - help, Shift-Dir - straight line, f/p - neqoxec
Aim: a neqoxec (severely wounded)
The magic dart hits the neqoxec.
The neqoxec is almost dead.
The neqoxec hits you.
* * * LOW HITPOINT WARNING * * *
The neqoxec gestures at you.
Something tries to feed on your intellect!
The crimson imp blinks!
The crimson imp misses you. The neqoxec hits you.
* * * LOW HITPOINT WARNING * * *
Unknown command.
You feel better. The crimson imp closely misses you. The neqoxec hits you!
* * * LOW HITPOINT WARNING * * *
The crimson imp hits you.
You die...

# #5 #+#
#5##.##
#33@5.+
#.5##5##
#. #+# #


You could see 2 neqoxecs, an iron imp, a quasit, 2 crimson imps and an ufetubus.

Vanquished Creatures
  2 neqoxecs (D)
2 creatures vanquished.

Notes
Turn   | Place    | Note
-------+----------+-------------------------------------------
     0 | D        | McKennaii the Draconian Conjurer began the quest for the
                  | Orb.
     0 | D        | Reached XP level 1. HP: 14/14 MP: 3/3
     1 | D        | Noticed a neqoxec
     1 | D        | Noticed a neqoxec
     1 | D        | Noticed a neqoxec
     1 | D        | Noticed a neqoxec
     5 | D        | Noticed an iron imp
     7 | D        | Noticed an iron imp
     9 | D        | Killed a neqoxec
     9 | D        | Reached skill level 9 in Conjurations
     9 | D        | Reached XP level 2. HP: 17/20 MP: 4/7
     9 | D        | Reached XP level 3. HP: 23/26 MP: 4/8
     9 | D        | Reached XP level 4. HP: 29/33 MP: 5/10
    19 | D        | Gained mutation: Your magical capacity is low. (-10% MP) [a
                  | neqoxec]
    20 | D        | Killed a neqoxec
    20 | D        | Reached skill level 5 in Spellcasting
    20 | D        | Reached skill level 10 in Conjurations
    20 | D        | Reached XP level 5. HP: 6/38 MP: 5/11
    20 | D        | Reached XP level 6. HP: 7/45 MP: 5/12
    22 | D        | Gained mutation: Scrolls take you a little longer to read.
                  | [a neqoxec]
    26 | D        | Gained mutation: You are agile. (Dex +2) [a neqoxec]
    29 | D        | Gained mutation: Scrolls take you longer to read. [a
                  | neqoxec]
    32 | D        | HP: 2/45 [neqoxec (12)]
    32 | D        | Slain by a crimson imp

Levels and vault maps discovered:
D:        the_violet_keep_of_menkaure [sprint2_stairs_cluster_1,
          sprint2_shoproom, sprint2_temple, sprint2_basic_supplies,
          sprint2_obstacle_2, sprint2_obstacle_5, sprint2_obstacle_3,
          sprint2_obstacle_4, sprint2_obstacle_7, sprint2_timed_cluster_1,
          sprint2_smallroom_cluster_1, sprint2_smallroom_final_cluster_1,
          sprint2_transparent_cluster_1, sprint2_second_timed_cluster_1,
          sprint2_sniper_area_1, sprint2_heavy_combat_area_1,
          sprint2_mutation_trap_area_1, sprint2_forest_area_1,
          sprint2_light_combat_area_1, sprint2_behind_water_1,
          sprint2_near_end_vault_1]

Skill      XL: |  1  2  3  4 |
---------------+-------------+-----
Dodging        | 2 3 |  3.3
Stealth        | 2 3 |  3.4
Spellcasting   | 4 5 |  5.5
Conjurations   | 9 10 | 10.8

Action                   |  1- 3 |  4- 6 || total
-------------------------+-------+-------++-------
Melee: Unarmed           |     7 |    14 ||    21
       Tailslap          |     1 |     2 ||     3
 Cast: Magic Dart        |       |     7 ||     7
  Use: Potion            |     1 |     2 ||     3
Armor: Skin              |     2 |     2 ||     4
Dodge: Dodged            |     4 |    11 ||    15
